 Dungeon Crawl Stone Soup version 0.26-a0-597-gb535b0901c (webtiles) character file.

Game seed: 3471069010353066222

23 Lanoc the Poker (level 2, 0/24 HPs)
             Began as a Merfolk Berserker on Sept 1, 2020.
             Was a Follower of Trog.
             Slain by a bat (1 damage)
             ... on level 3 of the Dungeon.
             The game lasted 00:01:07 (649 turns).

Lanoc the Poker (Merfolk Berserker)                  Turns: 649, Time: 00:01:08

Health: 0/24       AC:  2    Str: 17    XL:     2   Next: 95%
Magic:  2/2        EV: 13    Int:  6    God:    Trog [*.....]
Gold:   51         SH:  0    Dex: 13    Spells: 1/1 levels left

rFire    . . .     SeeInvis .   a - +0 spear
rCold    . . .     Faith    .   (no shield)
rNeg     . . .     Spirit   .   b - +0 animal skin
rPois    .         Reflect  .   (no helmet)
rElec    .         Harm     .   (no cloak)
rCorr    .                      (no gloves)
MR       .....                  (no boots)
Stlth    +.........             (no amulet)
HPRegen  0.08/turn              (no ring)
MPRegen  0.08/turn              (no ring)

@: berserk cooldown, stab, flying
A: change form in water, swift swim, stealthy swim
a: Berserk, Renounce Religion


You were on level 3 of the Dungeon.
You worshipped Trog.
Trog was aware of your devotion.
You visited 1 branch of the dungeon, and saw 3 of its levels.

You collected 51 gold pieces.

Inventory:

Hand Weapons
 a - a +0 spear (weapon)
Armour
 b - a +0 animal skin (worn)
Scrolls
 c - a scroll of teleportation {unknown}
 d - a scroll of enchant armour {unknown}
 e - a scroll of remove curse {unknown}
 g - a scroll of identify {unknown}
 i - a scroll of random uselessness {unknown}
 j - a scroll of fear {unknown}


   Skills:
 + Level 3.5 Fighting
 * Level 5.1 Polearms
 + Level 1.6 Armour
 + Level 3.1 Dodging


You had one spell level left.
You didn't know any spells.
Your spell library was empty.

Dungeon Overview and Level Annotations

Branches:
Dungeon (3/15)

Altars:


Message History

* * * LOW HITPOINT WARNING * * *
You feel sick. The bat closely misses you. x2
Attack whom?
Press: ? - help, Dir - move target cursor, f - you, p - bat That would be overly suicidal.
Okay, then.
You feel yourself speed up.
You see here 7 gold pieces.
* * * LOW HITPOINT WARNING * * *
You feel sick.
You are no longer poisoned.
Attack whom?
Press: ? - help, Dir - move target cursor, f - bat
Aim: a bat You closely miss the bat.
The bat misses you. The bat barely misses you.
Attack whom?
Press: ? - help, Dir - move target cursor, f/p - bat
Aim: a bat You miss the bat.
The bat hits you.
You die...

#.##..############
#.##......... ..
#.###.#######
....###.###.#######
....b..............
....##.###.#......
. #.# ..b..####
#b##.......
#@##........
........##.........
##....#.###...##.#.
####.#.# #...# .. #
###


You could see a bat.

Vanquished Creatures
  An adder (D:3)
  A dart slug (D:2)
  A ball python (D:1)
  2 bats
  2 giant cockroaches (D:2)
  A hobgoblin (D:3)
  A kobold (D:3)
  A frilled lizard (D:2)
10 creatures vanquished.

Notes
Turn   | Place    | Note
-------+----------+-------------------------------------------
     0 | D:1      | Lanoc the Merfolk Berserker began the quest for the Orb.
     0 | D:1      | Reached XP level 1. HP: 18/18 MP: 1/1
   271 | D:2      | Reached XP level 2. HP: 22/24 MP: 2/2
   624 | D:3      | Reached skill level 5 in Polearms
   644 | D:3      | HP: 1/24 [poisoned by an adder]
   649 | D:3      | Slain by a bat

Illustrated notes

Levels and vault maps discovered:
D:1:      heliophobic_arrival_battle_scene, layout_rooms, minivault_27,
          minmay_misc_feat_doors
D:2:      layout_basic
D:3:      layout_basic, corexii_corridor_pit

Skill      XL: |  1  2 |
---------------+-------+-----
Dodging        | 3 |  3.1
Polearms       | 5 |  5.1
Fighting       | |  3.5
Armour         | |  1.6

Action                   || total
-------------------------++-------
Melee: Spear             ||    44
Invok: Berserk           ||     1
  Use: Potion            ||     2
 Stab: Sleeping          ||     2
Armor: Animal skin       ||     3
Dodge: Dodged            ||    25

Table legend: (Time is in decaauts)
 A = Elapsed time spent in this place.
 B = Non-inter-level travel time spent in this place.
 C = Inter-level travel time spent in this place.
 D = Time resting spent in this place.
 E = Time spent auto-exploring this place.
 F = Levels seen in this place.
 G = Mean time per level.
                   A        B        C        D        E       F      G
               +--------+--------+--------+--------+--------+-----+--------+
         Total |    648 |    631 |     17 |      0 |    518 |   3 |  216.0 |
       Dungeon |    648 |    631 |     17 |      0 |    518 |   3 |  216.0 |
               +--------+--------+--------+--------+--------+-----+--------+

Top non-repeatable levels by time:
     D:3: 342 daAuts
     D:2: 261 daAuts
     D:1: 45 daAuts
